 Dungeon Crawl Stone Soup version 0.31-a0-354-g827e0957a7 (webtiles) character file.

Game seed: 1748355651213797592

923 Bnni the Changeling (level 8, -2/54 HPs)
             Began as an Octopode Shapeshifter on July 24, 2023.
             Slain by a gnoll
             ... wielding a +0 spear
             ... led by a gnoll sergeant
              (6 damage)
             ... on level 6 of the Dungeon.
             The game lasted 00:07:22 (4874 turns).

Bnni the Changeling (Octopode Shapeshifter)         Turns: 4874, Time: 00:07:23

Health: -2/54      AC:  1    Str: 14    XL:     8   Next: 10%
Magic:  17/17      EV: 12    Int: 11    God:
Gold:   187        SH:  0    Dex: 14    Spells: 7/7 levels left

rFire   . . .        t - +2 dagger (venom)
rCold   . . .        v - +2 buckler
rNeg    . . .        (helmet currently unavailable)
rPois   .            (no amulet)
rElec   .            B - ring of magical power
rCorr   .            (no ring)
SInv    .            (no ring)
Will    .....        (no ring)
Stlth   ++           (no ring)
HPRegen 0.29/turn    (no ring)
MPRegen 0.15/turn    (no ring)
                     (no ring)

%: no passive effects
@: confused, beast-form, on berserk cooldown, hasted and slowed
A: beast (slay +4), almost no armour, amphibious, 8 rings, camouflage 1,
gelatinous body 1, (nimble swimmer 1), tentacles, no potion heal 1
a: Begin Untransformation


You were on level 6 of the Dungeon.
You were a hulking beast.
You visited 1 branch of the dungeon, and saw 6 of its levels.

You collected 187 gold pieces.

Inventory:

Hand Weapons
 t - a +2 dagger of venom (weapon)
Missiles
 e - 19 poisoned darts
 p - 3 curare-tipped darts
Armour
 m - an orb of wrath
 v - a +2 buckler (worn)
Jewellery
 B - a ring of magical power (left tentacle)
Talismans
 b - a beast talisman
Wands
 x - a wand of charming (5)
 A - a wand of quicksilver (6)
Scrolls
 c - a scroll of enchant weapon
 d - a scroll of blinking
 g - a scroll of brand weapon {unknown}
 j - a scroll of identify {unknown}
 k - a scroll of vulnerability {unknown}
 n - a scroll of revelation {unknown}
 o - a scroll of immolation {unknown}
 q - 2 scrolls of teleportation {unknown}
 u - 2 scrolls of torment {unknown}
 y - a scroll of noise {unknown}
Potions
 a - a potion of lignification
 h - 3 potions of magic
 l - a potion of cancellation {unknown}
 r - a potion of berserk rage
 s - a potion of resistance {unknown}
 w - a potion of degeneration {unknown}
 z - a potion of curing {unknown}


   Skills:
 + Level 4.4 Fighting
 - Level 2.0 Dodging
 + Level 5.3 Unarmed Combat
 * Level 6.1 Shapeshifting


You had 7 spell levels left.
You didn't know any spells.
Your spell library contained the following spells:

 Spells                   Type           Power      Damage    Failure   Level
 Static Discharge         Conj/Air       0%         2-2/arc   58%         2
 Airstrike                Air            0%         2d(0-16)  99%         4
 Summon Lightning Spire   Summ/Air       0%         N/A       99%         4


Dungeon Overview and Level Annotations

Branches:
Dungeon (6/15)
 Temple: D:4-7

Altars:
Trog


Innate Abilities, Weirdness & Mutations

You are a hulking beast.
Your limbs bulge with bestial killing power. (Slay +4)
You cannot wear most types of armour.
You are amphibious.
You can wear up to eight rings at the same time.
Your skin changes colour to match your surroundings (Stealth+).
Your rubbery body absorbs attacks. (AC +1, EV +1)
((You are camouflaged when in or above water. (Stealth+)))
You have tentacles for arms and can constrict up to eight enemies at once.
Potions are less effective at restoring your health.


Message History

The gnoll sergeant is moderately wounded.
Unknown command.
The gnoll barely misses you.
Something enters a dispersal trap!
The gnoll blinks!
The gnoll sergeant blinks!
The gnoll blinks! x4; You blink.
You hit the gnoll. You grab the gnoll.
The gnoll is lightly wounded.
You constrict the gnoll. You block the gnoll's attack.
You hit the gnoll.
The gnoll is poisoned.
You squeeze the gnoll.
The gnoll is almost dead.
You constrict the gnoll.
You kill the gnoll!
The gnoll barely misses you. x2; Something hits you.
The gnoll hits you from afar with a +0 spear.
You block the gnoll's attack.
You hear some strange, mumbled words.
You are confused.
Non-targeted confused throw: 4 darts (curare)
Press: ? - help, Dir - look around, f - activate Look: a gnoll, wielding a +0 halberd You throw a curare-tipped dart.
The gnoll hits you from afar with a +0 spear!
You hear some strange, mumbled words.
You are more confused.
The gnoll misses you.
The gnoll hits you from afar with a +0 halberd.
* * * LOW HITPOINT WARNING * * *
The gnoll hits you from afar with a +0 spear.
* * * LOW HITPOINT WARNING * * *
Something hits you.
* * * LOW HITPOINT WARNING * * *
Unknown command.
It was a potion of mutation.
You feel extremely strange.
Your system partially rejects the healing effects of potions.
The gnoll misses you. The gnoll closely misses you. Something hits you.
* * * LOW HITPOINT WARNING * * *
It was a potion of haste.
You feel yourself speed up.
The gnoll hits you from afar with a +0 halberd.
* * * LOW HITPOINT WARNING * * *
The gnoll hits you from afar with a +0 spear.
You die...

.....# #.#
#.....#.........
.....# #.#
#.....##.#..... .....#
#.# +.....'..#.....
.....# #.# #.....####
.... .....# #.#
#.....# ... .....###.#
#.....# ...
...#.....#+###..g..###
##.#.####............#
...#....+...g..)h.g..#
#########..g.........#
# #...^........# #
#............# #
#............#
#............#
#............#
############.# ..


You could see a gnoll sergeant (poisoned, slow) and 3 gnolls.

Vanquished Creatures
  A black bear (D:5)
  A kobold brigand (D:4)
  3 scorpions (D:5)
  3 hounds
  A jelly (D:5)
  A sleepcap (D:4)
  Terence (D:3)
  2 iguanas (D:5)
  2 orc wizards
  Robin (D:4)
  9 gnolls
  8 adders
  A white imp (D:6)
  3 worms
  2 dart slugs
  14 orcs
  6 endoplasms
  3 giant cockroaches
  16 goblins
  9 hobgoblins
  3 jackals (D:4)
  6 quokkas
  6 ball pythons
  2 bats
  3 frilled lizards
  9 kobolds
  10 rats
126 creatures vanquished.

Notes
Turn   | Place    | Note
-------+----------+-------------------------------------------
     0 | D:1      | Bnni the Octopode Shapeshifter began the quest for the Orb.
     0 | D:1      | Reached XP level 1. HP: 13/13 MP: 1/1
   223 | D:1      | Reached XP level 2. HP: 18/18 MP: 2/2
   998 | D:2      | Reached XP level 3. HP: 23/23 MP: 3/3
  1372 | D:2      | Reached XP level 4. HP: 27/29 MP: 4/4
  1807 | D:3      | Noticed Terence
  1813 | D:3      | Killed Terence
  1913 | D:3      | Reached skill level 4 in Shapeshifting
  1975 | D:3      | Reached XP level 5. HP: 34/34 MP: 5/5
  2278 | D:3      | Found a faded altar of an unknown god.
  2315 | D:3      | Noticed a moth of wrath
  2318 | D:3      | Found a bloodstained altar of Trog.
  2424 | D:4      | Noticed Robin
  2541 | D:4      | Killed Robin
  2791 | D:4      | Reached XP level 6. HP: 33/41 MP: 6/6
  3431 | D:5      | Entered Level 5 of the Dungeon
  3453 | D:5      | Reached skill level 5 in Shapeshifting
  3459 | D:5      | Reached XP level 7. HP: 39/46 MP: 7/7
  4107 | D:5      | Reached skill level 5 in Unarmed Combat
  4664 | D:6      | Reached skill level 6 in Shapeshifting
  4664 | D:6      | Reached XP level 8. HP: 50/54 MP: 8/8
  4873 | D:6      | Gained mutation: Potions are less effective at restoring
                  | your health. [potion of mutation]
  4874 | D:6      | Slain by a gnoll

Illustrated notes

Levels and vault maps discovered:
D:1:      dpeg_arrival_water_fire, layout_basic
D:2:      minmay_spotlight, layout_loops_ring, chequers_serial_rivers_small_3
D:3:      layout_rooms, tgw_trog, dreamdust_ecumenical_altar_grove, uniq_terence
D:4:      layout_rooms, minmay_ruptured, uniq_robin
D:5:      layout_basic, glass_columns_a
D:6:      layout_basic, serial_shops, kennysheep_little_box,
          nicolae_wooded_promenade, uniq_sigmund

Skill      XL: |  1  2  3  4  5  6  7 |
---------------+----------------------+-----
Fighting       | 2 3 4 |  4.4
Shapeshifting  | 4 5 6 |  6.1
Unarmed Combat | 4 5 |  5.3
Dodging        | |  2.0

Action                     |  1- 3 |  4- 6 |  7- 9 || total
---------------------------+-------+-------+-------++-------
  Melee: Unarmed           |    52 |    74 |       ||   126
         Constrict         |    10 |    37 |    16 ||    63
         Tentacles         |    11 |    22 |    13 ||    46
         Punch             |       |     4 |     4 ||     8
         Dagger            |       |    52 |    63 ||   115
  Throw: Dart              |       |       |     2 ||     2
    Use: Potion            |       |     1 |     3 ||     4
         Scroll            |       |       |     2 ||     2
   Stab: Sleeping          |     4 |     4 |     4 ||    12
 Armour: Skin              |     3 |     8 |     2 ||    13
  Dodge: Dodged            |    28 |    95 |    37 ||   160
  Block: Buckler           |       |     6 |    18 ||    24

Table legend: (Time is in decaauts)
 A = Elapsed time spent in this place.
 B = Non-inter-level travel time spent in this place.
 C = Inter-level travel time spent in this place.
 D = Time resting spent in this place.
 E = Time spent auto-exploring this place.
 F = Levels seen in this place.
 G = Mean time per level.
                   A        B        C        D        E       F      G
               +--------+--------+--------+--------+--------+-----+--------+
         Total |   4948 |   4687 |    261 |    746 |   3191 |   6 |  824.7 |
       Dungeon |   4948 |   4687 |    261 |    746 |   3191 |   6 |  824.7 |
               +--------+--------+--------+--------+--------+-----+--------+

Top non-repeatable levels by time:
     D:5: 1208 daAuts
     D:4: 925 daAuts
     D:1: 891 daAuts
     D:2: 847 daAuts
     D:3: 833 daAuts
     D:6: 241 daAuts
